 Dungeon Crawl Stone Soup version 0.32-a0-18-g89e19f1974 (webtiles) character file.

Game seed: 9323885882347520246

53101 Dirtsage the Mimic (level 14, -7/118 HPs)
             Began as an Octopode Shapeshifter on Jan 16, 2024.
             Was a High Priest of the Shining One.
             Mangled by an enormous slime creature (31 damage)
             ... on level 12 of the Dungeon.
             The game lasted 00:39:46 (17343 turns).

Dirtsage the Mimic (Octopode Shapeshifter)         Turns: 17343, Time: 00:39:47

Health: -7/118     AC: 19    Str: 18    XL:     14   Next: 67%
Magic:  0/56       EV: 15    Int: 20    God:    the Shining One [*****.]
Gold:   914        SH:  9    Dex: 15    Spells: 3/13 levels left

rFire   x .          .
                       - Unarmed
rCold   + . .        (shield currently unavailable)
rNeg    + + .        (helmet currently unavailable)
rPois   +            U - amulet of guardian spirit
rElec   .            f - ring of magical power
rCorr   .            T - ring of magical power
SInv    .            P - ring of poison resistance
Will    +++..        C - +6 ring of intelligence
Stlth   +            M - ring of flight
HPRegen 0.39/turn    J - ring of magical power
MPRegen 0.35/turn    R - ring of ice
                     W - ring "Viureguc" {Will++ MP+9 Slay+2}

%: guardian spirit
@: ice-armoured, divinely shielded, snake-form, freezing walls, flying, glowing
A: constrict, boosted hp, almost no armour, amphibious, 8 rings, large,
(camouflage 1), (gelatinous body 1), (nimble swimmer 1), (tentacles)
a: Begin Untransformation, Renounce Religion, Divine Shield, Cleansing Flame,
Summon Divine Warrior


You were on level 12 of the Dungeon.
You worshipped the Shining One.
The Shining One was extremely pleased with you.
You were an enormous serpent.
You visited 3 branches of the dungeon, and saw 18 of its levels.

You collected 953 gold pieces.
You spent 39 gold pieces at shops.

Inventory:

Missiles
 i - 2 curare-tipped darts (quivered)
Jewellery
 f - a ring of magical power (left tentacle)
 B - the amulet "Yssy" {-Cast Regen+ Dex+4}
   (You took it off a wight on level 7 of the Dungeon)

   [amulet of regeneration]

   Dex+4:     It affects your dexterity (+4).
   -Cast:     It prevents spellcasting.
   Regen+:    It increases your rate of health regeneration.
 C - a +6 ring of intelligence (on tentacle)
 J - a ring of magical power (on tentacle)
 L - an amulet of regeneration
 M - a ring of flight (on tentacle)
 P - a ring of poison resistance (on tentacle)
 R - a ring of ice (on tentacle)
 T - a ring of magical power (right tentacle)
 U - an amulet of guardian spirit (around neck)
 W - the ring "Viureguc" (on tentacle) {Will++ MP+9 Slay+2}
   (You found it on level 5 of the Lair of Beasts)

   [ring of magical power]

   Slay+2:    It affects your accuracy & damage with ranged weapons and melee
   (+2).
   Will++:    It greatly increases your willpower.
   MP+9:      It affects your magic capacity (+9).
Talismans
 d - a maw talisman
 X - a serpent talisman (active)
Wands
 y - a wand of mindburst (10)
 A - a wand of paralysis (12)
 D - a wand of polymorph (7)
 E - a wand of iceblast (6)
 H - a wand of light (5)
Scrolls
 b - a scroll of blinking {unknown}
 c - a scroll of acquirement {unknown}
 g - 2 scrolls of enchant armour
 j - 2 scrolls of noise
 o - 2 scrolls of immolation
 p - 2 scrolls of vulnerability
 r - a scroll of poison {unknown}
 s - 4 scrolls of enchant weapon
 t - 4 scrolls of teleportation
 u - a scroll of butterflies
 w - 2 scrolls of fog {unknown}
 x - 5 scrolls of revelation
 G - 2 scrolls of amnesia
Potions
 a - a potion of lignification
 e - 3 potions of brilliance
 h - 7 potions of might {unknown}
 k - 3 potions of mutation {unknown}
 l - a potion of heal wounds
 m - 2 potions of enlightenment
 q - 8 potions of curing
 F - 3 potions of haste {unknown}
 I - a potion of invisibility
 K - a potion of cancellation
 Q - a potion of ambrosia
 S - a potion of berserk rage
 V - a potion of magic


   Skills:
 + Level 10.8 Fighting
 + Level 11.0 Dodging
 + Level 11.0 Unarmed Combat
 + Level 8.1 Ice Magic
 + Level 9.2 Invocations
 * Level 12.8 Shapeshifting


You had 3 spell levels left.
You knew the following spells:

 Your Spells              Type           Power      Damage    Failure   Level
a - Vhi's Electric Charg  Tloc/Air       0%         N/A       88%         4
b - Frozen Ramparts       Ice            98%        1d15      1%          3
A - Ozocubu's Armour      Ice            49%        N/A       1%          3

Your spell library contained the following spells:

 Spells                   Type           Power      Damage    Failure   Level
 Freeze                   Ice            100%       1d10      1%          1
 Hailstorm                Conj/Ice       24%        3d7       11%         3
 Summon Ice Beast         Ice/Summ       24%        N/A       11%         3
 Apportation              Tloc           0%         N/A       19%         1
 Kiss of Death            Conj/Necr      0%         2d5       19%         1
 Magic Dart               Conj           0%         1d3       19%         1
 Necrotise                Necr           0%         1d4       19%         1
 Sting                    Conj/Alch      0%         1d3       19%         1
 Summon Small Mammal      Summ           0%         N/A       19%         1
 Blink                    Tloc           0%         N/A       28%         2
 Call Imp                 Summ           0%         N/A       28%         2
 Sublimation of Blood     Necr           0%         N/A       28%         2
 Confusing Touch          Hex            0%         N/A       50%         3
 Fugue of the Fallen      Necr           0%         N/A       50%         3
 Inner Flame              Hex/Fire       0%         N/A       50%         3
 Anguish                  Hex/Necr       0%         N/A       88%         4
 Cause Fear               Hex            0%         N/A       88%         4
 Dispel Undead            Necr           0%         3d6       88%         4
 Flame Wave               Conj/Fire      0%         2d4       88%         4
 Manifold Assault         Tloc           0%         N/A       88%         4
 Passage of Golubria      Tloc           0%         N/A       88%         4
 Sticky Flame             Fire/Alch      0%         2d4       88%         4
 Arcjolt                  Conj/Air       0%         1d10      99%         5
 Silence                  Hex/Air        0%         N/A       99%         5
 Summon Forest            Summ/Tloc      0%         N/A       99%         5
 Summon Mana Viper        Hex/Summ       0%         N/A       99%         5
 Eringya's Noxious Bog    Alch           0%         4d6       100%        6
 Enfeeble                 Hex            0%         N/A       100%        7
 Monstrous Menagerie      Summ           0%         N/A       100%        7
 Summon Hydra             Summ           0%         N/A       100%        7
 Lehudib's Crystal Spear  Conj/Erth      0%         10d2      100%        8
 Maxwell's Capacitive Co  Air            0%         ∞         100%        8


Dungeon Overview and Level Annotations

Branches:
Dungeon (12/15)            Temple (1/1) D:7            Lair (5/5) D:11
  Swamp (0/4) Lair:3        Snake (0/4) Lair:3        Slime (0/5) Lair:4
    Orc (0/2) D:10

Altars:
Ashenzari
Cheibriados
Dithmenos
Elyvilon
Fedhas
Gozag
Hepliaklqana
Kikubaaqudgha
Makhleb
Nemelex Xobeh
Okawaru
Qazlal
Ru
Sif Muna
Trog
Uskayaw
Vehumet
Wu Jian
Xom
Yredelemnul
Zin
The Shining One
Jiyva

Shops:
D:4 **   D:5 (   D:12 [

Annotations:
D:2 1 runed translucent door, Crazy Yiuf
D:10 2 transporters, 2 runed translucent doors, Sapher's ghost, weakling SpDe
D:12 Lodul


Innate Abilities, Weirdness & Mutations

You are an enormous serpent.
You have a powerful constriction melee attack.
Your maximum health is increased.
Your armour is entirely melded.
You are incapable of wielding weapons or throwing items.
You cannot wear most types of armour.
You are amphibious.
You can wear up to eight rings at the same time.
((Your skin changes colour to match your surroundings (Stealth+).))
((Your rubbery body absorbs attacks. (AC +1, EV +1)))
((You are camouflaged when in or above water. (Stealth+)))
((You have tentacles for arms and can constrict up to eight enemies at once.))


Message History

You now have 26/56 mp.
Casting: Ozocubu's Armour (safe; 1% risk of failure)
Confirm with . or Enter, or press ? or * to list all spells.
Casting: Frozen Ramparts (safe; 1% risk of failure)
Press: ? - help, Dir - look around, f - activate This square is lit by a halo.
You feel a surge of power!
The walls around you are covered in ice.
The wall freezes the gargoyle but does no damage.
The wall freezes the enormous slime creature!
The enormous slime creature barely misses you.
The wall freezes Lodul.
You now have 24/56 mp.
You lash the enormous slime creature!
The enormous slime creature is heavily wounded.
The wall freezes the enormous slime creature!
The enormous slime creature hits you!!
The wall freezes the ogre!
The wall freezes Lodul!
Electricity crackles from Lodul's apparatus.
The bolt of lightning misses you.
The wall freezes the gargoyle.
You take 15 damage, and have 48/118 hp.
You now have 18/56 mp.
You body-slam the enormous slime creature!!
The enormous slime creature is severely wounded.
You body-slam the enormous slime creature!!
The enormous slime creature is severely wounded.
The wall freezes the ogre!
The wall freezes the enormous slime creature!
The enormous slime creature hits you!!
* * * LOW HITPOINT WARNING * * *
The wall freezes the gargoyle but does no damage.
The wall freezes Lodul.
You take 24 damage, and have 24/118 hp.
MASSIVE DAMAGE!!
You now have 10/56 mp.
You lash the enormous slime creature!
The enormous slime creature is almost dead.
The wall freezes the gargoyle but does no damage.
The wall freezes the ogre!
You kill the ogre!
The wall freezes the enormous slime creature!
The enormous slime creature hits you!!!
You die...

).)......>.##
###..##.#.#.###
..............#
##..>#[.#.#.#.#
.#.........##.#
#.......(...#.#
##..........#.####
##......#...#...#
#.........#.##S#
##...(.....#.##J#
##........###. #9#
#......##.# #. #)O
..####### # #. ##O
..# #. OO ..# #.
.. .## (.. ##


You could see Lodul, an enormous slime creature, a gargoyle and 3 ogres.

Vanquished Creatures
  Harold (Lair:1)
  2 hydras
  Erolcha (D:10)
  A merfolk avatar (Lair:5)
  Erica (D:11)
  4 two-headed ogres
  9 death yaks
  5 skysharks
  A sea snake (Lair:5)
  Pikel (D:9)
  A deep elf pyromancer (D:12)
  2 manticores (Lair:5)
  Maurice (D:9)
  A cyclops (D:11)
  4 elephants (Lair:5)
  5 black mambas
  14 cane toads
  An efreet (D:10)
  8 komodo dragons
  A yaktaur (D:12)
  3 rime drakes
  A troll (D:12)
  A polar bear (Lair:5)
  3 hornets (Lair:5)
  25 blink frogs
  7 dream sheep (Lair:5)
  A snapping turtle (Lair:5)
  A slime creature (D:12)
  2 shadows
  7 wyverns
  A fire bat (shapeshifter) (D:12)
  39 yaks
  Grum (D:9)
  6 basilisks
  5 steam dragons
  4 vampire mosquitoes (D:11)
  25 water moccasins
  10 orc warriors
  A swamp drake (Lair:3)
  5 black bears
  6 ogres
  14 wolves
  3 centaurs
  A kobold brigand (D:10)
  A gnoll sergeant (D:10)
  7 scorpions
  12 bullfrogs
  5 wights (D:7)
  13 killer bees
  4 electric eels
  4 howler monkeys
  A bombardier beetle (D:4)
  2 gnoll boudas
  A jelly (D:4)
  12 orc priests
  3 hounds
  A sleepcap (D:6)
  Jessica (D:2)
  8 iguanas
  Terence (D:3)
  13 orc wizards
  2 hell rats (Lair:4)
  13 gnolls
  6 adders
  8 river rats (Lair:4)
  A shadow imp (D:5)
  2 white imps
  2 ufetubi (D:5)
  A dart slug (D:4)
  2 ribbon worms
  53 orcs
  4 bats
  5 endoplasms
  3 giant cockroaches
  3 goblins
  6 hobgoblins
  12 jackals
  15 kobolds
  4 quokkas
  7 ball pythons
  3 frilled lizards
  9 rats
486 creatures vanquished.

Notes
Turn   | Place    | Note
-------+----------+-------------------------------------------
     0 | D:1      | Dirtsage the Octopode Shapeshifter began the quest for the
                  | Orb.
     0 | D:1      | Reached XP level 1. HP: 13/13 MP: 1/1
    41 | D:1      | Reached XP level 2. HP: 16/18 MP: 2/2
   444 | D:1      | Reached XP level 3. HP: 23/23 MP: 3/3
   831 | D:2      | Reached XP level 4. HP: 13/29 MP: 4/4
  1252 | D:2      | Found a runed translucent door.
  1253 | D:2      | Noticed Crazy Yiuf
  1398 | D:2      | Noticed Jessica
  1408 | D:2      | Killed Jessica
  1621 | D:3      | Found a faded altar of an unknown god.
  1714 | D:3      | Reached skill level 4 in Shapeshifting
  1714 | D:3      | Reached XP level 5. HP: 34/34 MP: 5/5
  1971 | D:3      | Noticed Terence
  1982 | D:3      | Killed Terence
  2159 | D:3      | Found a sacrificial altar of Ru.
  2556 | D:4      | Reached XP level 6. HP: 33/41 MP: 6/6
  3159 | D:4      | Found Lucsoa's General Store.
  3177 | D:4      | Found Nuolet's Specific Store.
  3186 | D:4      | Bought a potion of curing for 39 gold pieces
  3675 | D:5      | Entered Level 5 of the Dungeon
  3684 | D:5      | Reached skill level 5 in Shapeshifting
  3684 | D:5      | Reached XP level 7. HP: 42/46 MP: 7/7
  3718 | D:5      | Found Vitekeif's Weapon Shoppe.
  4145 | D:5      | You fall into a shaft and drop 1 floor!
  4244 | D:5      | Reached XP level 8. HP: 29/54 MP: 8/8
  4408 | D:5      | Reached skill level 5 in Unarmed Combat
  4408 | D:5      | Reached skill level 6 in Shapeshifting
  4919 | D:6      | Reached skill level 5 in Dodging
  5056 | D:6      | Reached skill level 7 in Shapeshifting
  5130 | D:6      | Reached XP level 9. HP: 47/60 MP: 9/9
  5249 | D:6      | Reached skill level 5 in Fighting
  5688 | D:7      | Found a staircase to the Ecumenical Temple.
  5698 | Temple   | Entered the Ecumenical Temple
  5712 | Temple   | Became a worshipper of the Shining One
  6029 | D:7      | Reached skill level 8 in Shapeshifting
  6331 | D:7      | Identified the amulet "Yssy" {-Cast Regen+ Dex+4}
  6494 | D:7      | Learned a level 3 spell: Frozen Ramparts
  6867 | D:8      | Noticed a two-headed ogre
  7052 | D:7      | Reached XP level 10. HP: 44/68 MP: 10/10
  7149 | D:8      | Killed a two-headed ogre
  7150 | D:8      | Reached skill level 1 in Invocations
  7166 | D:8      | Reached skill level 9 in Shapeshifting
  7342 | D:8      | Reached * piety under the Shining One
  7877 | D:9      | Noticed Pikel
  7883 | D:9      | Killed Pikel
  8081 | D:9      | Noticed Maurice
  8088 | D:9      | Maurice stole a staff of death
  8089 | D:9      | Killed Maurice
  8141 | D:9      | Noticed Grum
  8141 | D:9      | Noticed a two-headed ogre
  8306 | D:9      | Killed Grum
  8307 | D:9      | Reached XP level 11. HP: 30/75 MP: 13/13
  8539 | D:9      | Killed a two-headed ogre
  8540 | D:9      | Reached skill level 10 in Shapeshifting
  8718 | D:10     | Entered Level 10 of the Dungeon
  8853 | D:10     | Noticed a two-headed ogre
  8865 | D:10     | Killed a two-headed ogre
  8912 | D:10     | Found an ancient bone altar of Kikubaaqudgha.
  8915 | D:10     | Noticed a death knight
  8918 | D:10     | Found a basalt altar of Yredelemnul.
  9070 | D:10     | Found a shimmering blue altar of Sif Muna.
  9070 | D:10     | Reached ** piety under the Shining One
  9086 | D:10     | Found a glowing silver altar of Zin.
  9086 | D:10     | Found a shimmering altar of Xom.
  9088 | D:10     | Found a shadowy altar of Dithmenos.
  9167 | D:10     | Noticed Erolcha
  9173 | D:10     | Killed Erolcha
  9252 | D:10     | Found a transporter.
  9254 | D:10     | Found a transporter.
  9332 | D:10     | Found a runed translucent door.
  9335 | D:10     | Noticed a centaur warrior
  9335 | D:10     | Noticed a lich
  9335 | D:10     | Noticed a boulder beetle
  9335 | D:10     | Noticed a boulder beetle
  9337 | D:10     | Noticed a skeletal warrior
  9337 | D:10     | Noticed a necromancer
  9338 | D:10     | Noticed Sapher's ghost (weakling SpDe)
  9343 | D:10     | Found a runed translucent door.
  9455 | D:10     | Found a staircase to the Orcish Mines.
  9509 | D:10     | Reached *** piety under the Shining One
  9529 | D:10     | Reached skill level 5 in Invocations
  9551 | D:10     | Identified the staff of Lautwefy {*Slow rF+ rC+ Will+ Str+3
                  | Fire}
  9669 | D:11     | Noticed a cyclops
  9678 | D:11     | Killed a cyclops
  9812 | D:11     | Found a staircase to the Lair.
  9828 | D:11     | Reached skill level 11 in Shapeshifting
 10205 | D:11     | Noticed Erica
 10212 | D:11     | Killed Erica
 10213 | D:11     | Reached XP level 12. HP: 44/83 MP: 16/16
 10376 | D:11     | Upgraded the game from 0.32-a0-17-gb74e046682 to
                  | 0.32-a0-18-g89e19f1974
 10474 | D:11     | Noticed an angel
 10475 | D:11     | Found a glowing silver altar of Zin.
 10592 | D:11     | Noticed a two-headed ogre
 10599 | D:11     | Killed a two-headed ogre
 10961 | Lair:1   | Entered Level 1 of the Lair of Beasts
 11130 | Lair:1   | Learned a level 3 spell: Ozocubu's Armour
 11308 | Lair:1   | Reached skill level 1 in Ice Magic
 11551 | Lair:1   | Noticed Harold
 11562 | Lair:1   | Killed Harold
 12737 | Lair:3   | Noticed a skyshark
 12752 | Lair:3   | Killed a skyshark
 12753 | Lair:3   | Reached XP level 13. HP: 29/90 MP: 18/18
 12854 | Lair:3   | Learned a level 4 spell: Vhi's Electric Charge
 12908 | Lair:3   | Reached **** piety under the Shining One
 12944 | Lair:3   | Reached skill level 5 in Ice Magic
 13141 | Lair:3   | Found a staircase to the Snake Pit.
 13215 | Lair:3   | Found a staircase to the Swamp.
 13286 | Lair:3   | Reached skill level 10 in Unarmed Combat
 13346 | Lair:3   | Reached skill level 10 in Dodging
 13903 | Lair:4   | Found a staircase to the Slime Pits.
 13903 | Lair:4   | Found a viscous altar of Jiyva.
 14123 | Lair:4   | Reached skill level 10 in Fighting
 14661 | Lair:5   | Entered Level 5 of the Lair of Beasts
 14819 | Lair:5   | Reached skill level 12 in Shapeshifting
 14867 | Lair:5   | Identified the ring "Viureguc" {Will++ MP+9 Slay+2}
 14977 | Lair:4   | Reached XP level 14. HP: 43/99 MP: 20/20
 15827 | Lair:5   | Reached ***** piety under the Shining One
 17047 | D:12     | Found Guti's Armour Shop.
 17324 | D:12     | Noticed Lodul
 17343 | D:12     | Mangled by an enormous slime creature

Illustrated notes

Levels and vault maps discovered:
D:1:      spicycebolla_green_bress_n_ham_2, layout_basic
D:2:      layout_rooms, minmay_cupped, uniq_jessica, uniq_crazy_yiuf_cottage
D:3:      layout_loops_ring, mainiacjoe_overflow_six_doors_small,
          hellmonk_ecumenical_altar_defaced_shrine, uniq_terence
D:4:      layout_basic, interstate_on_off, dreamdust_princess_corridor,
          small_statue_intersection, nicolae_specific_store
D:5:      layout_rooms, serial_shops, nicolae_shop_statue_plus,
          chequers_serial_rivers_large_b
D:6:      layout_loops_cross, minmay_diced_spiral
D:7:      layout_loops_ring, temple_hall, chequers_garden, minmay_crystal_water,
          hangedman_glass_teeth
D:8:      layout_cave_pools
D:9:      layout_gridville, minivault_27, uniq_pikel, uniq_grum, uniq_maurice
D:10:     layout_roguey, gammafunk_temple_of_torment,
          chequers_temple_overflow_statue_of_worship, erik_orc_2,
          muffindrake_ghost_dual_entry, uniq_erolcha
D:11:     layout_basic, minmay_lair_entry_grove, zin_angel, uniq_erica
D:12:     layout_loops_ring, serial_shops, shop_statue,
          regret_index_xom_buried_treasure, uniq_jorgrun, uniq_lodul
Temple:   regret_index_temple_waves
Lair:1:   layout_regular_city, serial_bayou_lake_a, grunt_megastairs_1,
          uniq_harold
Lair:2:   layout_hall_layers, eino_small_chamber_without_monster
Lair:3:   layout_concentric_octagons, minmay_swamp_entry_reptiles,
          minmay_snake_entry_six_corridors, serial_bayou_shore_a
Lair:4:   layout_roguey, slime_entry_1, chequers_serial_rivers_small_b,
          kennysheep_rathole, infiniplex_staircase_pool_2, grunt_megastairs_4
Lair:5:   gammafunk_lair_ancient_temple, layout_cave_shapes

Skill      XL: |  1  2  3  4  5  6  7  8  9 10 11 12 13 14 |
---------------+-------------------------------------------+-----
Fighting       | 2 3 4 6 7 8 9 10 | 10.8
Shapeshifting  | 4 5 7 8 9 11 12 | 12.8
Dodging        | 3 4 5 6 7 8 9 10 11 | 11.0
Unarmed Combat | 4 5 6 7 8 9 10 11 | 11.0
Invocations    | 3 5 7 8 9 |  9.2
Ice Magic      | 4 7 8 |  8.1

Action                     |  1- 3 |  4- 6 |  7- 9 | 10-12 | 13-15 || total
---------------------------+-------+-------+-------+-------+-------++-------
  Melee: Unarmed           |    75 |   108 |   252 |   546 |   458 ||  1439
         Constrict         |    23 |    25 |    65 |   115 |    86 ||   314
         Tentacles         |    16 |    31 |    81 |   193 |   103 ||   424
         Punch             |     3 |     4 |     1 |    45 |    29 ||    82
         Maw               |       |       |       |   213 |   143 ||   356
   Cast: Ozocubu's Armour  |       |       |       |     3 |    24 ||    27
         Frozen Ramparts   |       |       |       |     1 |    16 ||    17
 Invoke: Divine Shield     |       |       |       |     1 |     2 ||     3
  Evoke: Wand              |       |       |       |    10 |       ||    10
    Use: Scroll            |       |     1 |     8 |     6 |     5 ||    20
         Potion            |       |       |       |     1 |     1 ||     2
   Stab: Sleeping          |     5 |     5 |     1 |       |       ||    11
 Armour: Skin              |    40 |    57 |    80 |   243 |   266 ||   686
  Dodge: Dodged            |    35 |    51 |   189 |   460 |   306 ||  1041
  Block: Other             |       |       |       |       |     6 ||     6
   Form: Flux              |       |       |     1 |       |       ||     1
         Maw               |       |       |       |     1 |       ||     1
         Serpent           |       |       |       |       |     1 ||     1

Table legend: (Time is in decaauts)
 A = Elapsed time spent in this place.
 B = Non-inter-level travel time spent in this place.
 C = Inter-level travel time spent in this place.
 D = Time resting spent in this place.
 E = Time spent auto-exploring this place.
 F = Levels seen in this place.
 G = Mean time per level.
                   A        B        C        D        E       F      G
               +--------+--------+--------+--------+--------+-----+--------+
         Total |  17123 |  16431 |    692 |    490 |  12714 |  18 |  951.3 |
       Dungeon |  11156 |  10756 |    400 |    414 |   8657 |  12 |  929.7 |
        Temple |     28 |      2 |     26 |      0 |      0 |   1 |   28.0 |
          Lair |   5939 |   5674 |    265 |     76 |   4057 |   5 | 1187.8 |
               +--------+--------+--------+--------+--------+-----+--------+

Top non-repeatable levels by time:
  Lair:5: 2003 daAuts
     D:7: 1457 daAuts
    D:11: 1295 daAuts
  Lair:4: 1214 daAuts
     D:4: 1123 daAuts
     D:6: 1116 daAuts
     D:9: 1101 daAuts
  Lair:1: 1054 daAuts
     D:3: 1012 daAuts
  Lair:3: 961 daAuts
    D:10: 926 daAuts
     D:2: 782 daAuts
     D:5: 758 daAuts
     D:1: 743 daAuts
  Lair:2: 705 daAuts
